 Dungeon Crawl Stone Soup version 0.28-a0-199-g298df9dbad (webtiles) character file.

Game seed: 12118554304586091148

687 omnomnOMINOUS the Skirmisher (level 7, 0/50 HPs)
             Began as an Octopode Wanderer on Aug 19, 2021.
             Was a Believer of Makhleb.
             Splashed by a jelly's acid (8 damage)
             ... on level 6 of the Dungeon.
             The game lasted 00:17:54 (5764 turns).

omnomnOMINOUS the Skirmisher (Octopode Wanderer)    Turns: 5764, Time: 00:17:55

Health: 0/50       AC: -3    Str: 10 (13) XL:     7   Next: 62%
Magic:  7/7        EV: 12    Int: 12 (14) God:    Makhleb [**....]
Gold:   239        SH:  0    Dex:  2 (12) Spells: 6/6 levels left

rFire   . . .      SeeInvis .   c - +1 dagger (venom)
rCold   . . .      Faith    .   (no shield)
rNeg    . . .      Spirit   .   (helmet restricted)
rPois   .          Reflect  .   (no amulet)
rElec   .          Harm     .   (no ring)
rCorr   .          Rampage  .   (no ring)
Will    .....                   (no ring)
Stlth   +++.......              (no ring)
HPRegen 0.16/turn               (no ring)
MPRegen 0.10/turn               (no ring)
                                (no ring)
                                (no ring)

@: about to teleport, corroded
A: almost no armour, amphibious, 8 rings, camouflage 1, gelatinous body 1,
(nimble swimmer 1), tentacles
a: Renounce Religion, Minor Destruction


You were on level 6 of the Dungeon.
You worshipped Makhleb.
Makhleb was pleased with you.
You visited 1 branch of the dungeon, and saw 6 of its levels.
You also visited: Sewer.

You collected 239 gold pieces.

Inventory:

Hand Weapons
 a - a +2 dagger of flaming
 b - a +2 hand crossbow
 c - a +1 dagger of venom (weapon)
 p - a +1 short sword of protection
 r - a +0 long sword
Missiles
 d - 70 bolts
Magical Staves
 h - a staff of air
Scrolls
 e - 2 scrolls of magic mapping {unknown}
 f - a scroll of amnesia {unknown}
 i - 5 scrolls of identify {unknown}
 k - 2 scrolls of teleportation
 l - a scroll of noise {unknown}
 m - 2 scrolls of fog {unknown}
 o - a scroll of vulnerability {unknown}
 q - a scroll of enchant armour {unknown}
 s - a scroll of immolation {unknown}


   Skills:
 + Level 5.6 Fighting
 - Level 1.0(3.2) Short Blades
 * Level 4.9 Long Blades
 - Level 3.0 Crossbows
 + Level 4.0 Dodging
 - Level 4.0 Stealth


You had 6 spell levels left.
You didn't know any spells.
Your spell library was empty.

Dungeon Overview and Level Annotations

Branches:
Dungeon (6/15)              Sewer (visited)
 Temple: D:4-7

Altars:
Makhleb
Vehumet
Zin

Shops:
D:2 *   D:4 !

Annotations:
D:3 2 runed translucent doors, EnronHubbard's ghost, amateur DENe
D:4 1 transporter, swinepaste's ghost, novice OgFi


Innate Abilities, Weirdness & Mutations

You cannot wear most types of armour.
You are amphibious.
You can wear up to eight rings at the same time.
Your skin changes colour to match your surroundings (Stealth+).
Your rubbery body absorbs attacks. (AC +1, EV +1)
((You are camouflaged near water. (Stealth+)))
You have tentacles for arms and can constrict up to eight enemies at once.


Message History

You kill the hound!
Makhleb accepts your kill.
You see here a hound corpse.
Things that are here:
a +0 vorpal hand axe; an orc skeleton
There is a stone staircase leading down here.
You start resting.
HP restored.
You climb downwards.
The jelly hits you.
You are splashed with acid!
The orc barely misses you.
There is a stone staircase leading up, spattered with blood here.
Unknown command.
The jelly hits you.
You are splashed with acid!
A necrophage comes into view.
The orc priest looks satisfied for a moment.
The jelly misses you.
There is a stone staircase leading down here.
The jelly hits you. The acid corrodes you!
You are splashed with acid!
You climb downwards.
A scorpion, a centaur and an ufetubus come into view.
The centaur shouts!
Found a dazzling chain mail and a potion of curing.
There is a stone staircase leading up here.
Unknown command.
Found 10 gold pieces.
You aren't carrying any potions.
As you read the scroll of teleportation, it crumbles to dust.
You feel strangely unstable. The jelly misses you.
You barely miss the jelly. You squeeze the jelly.
The jelly is moderately wounded.
The jelly hits you.
You are splashed with acid!
* * * LOW HITPOINT WARNING * * *
You hit the jelly but do no damage.
Your tentacles burn!
* * * LOW HITPOINT WARNING * * *
You squeeze the jelly!
The jelly is almost dead.
The jelly hits you.
* * * LOW HITPOINT WARNING * * *
You are splashed with acid!
You die...

#.#.#
#.#.#
#.#.#
#.#.# .#
#... #.#
#..#..#
#...$#
#@# #J#
5c......#
######c.#
#!.# #..#
#..# #..#
#.s#


You could see a centaur and a jelly.

Vanquished Creatures
  Purgy (Sewer)
  A necrophage (D:4)
  A scorpion (D:4)
  A water moccasin skeleton (D:5)
  3 hounds
  2 jellies
  An orc priest (D:4)
  3 iguanas
  An orc wizard (D:4)
  4 adders
  An adder skeleton (D:4)
  5 worms
  A dart slug (D:1)
  3 orcs
  4 ball pythons
  7 endoplasms
  6 giant cockroaches
  6 hobgoblins
  10 kobolds
  3 quokkas
  6 bats
  4 frilled lizards
  8 goblins
  7 rats
89 creatures vanquished.

Notes
Turn   | Place    | Note
-------+----------+-------------------------------------------
     0 | D:1      | omnomnOMINOUS the Octopode Wanderer began the quest for the
                  | Orb.
     0 | D:1      | omnomnOMINOUS set off with the following items: a +2 hand
                  | crossbow, 23 bolts, 2 scrolls of teleportation, a +0 dagger
     0 | D:1      | Reached XP level 1. HP: 17/17 MP: 1/1
    96 | D:1      | Reached skill level 1 in Dodging
    96 | D:1      | Reached XP level 2. HP: 17/22 MP: 2/2
   273 | D:1      | Found a faded altar of an unknown god.
   283 | D:1      | Became a worshipper of Makhleb the Destroyer
   283 | D:1      | Reached * piety under Makhleb
  1001 | D:2      | Reached XP level 3. HP: 27/27 MP: 3/3
  1141 | D:2      | Found Arroteck's Assorted Antiques.
  1920 | D:3      | Reached XP level 4. HP: 33/34 MP: 4/4
  1928 | D:3      | Reached skill level 1 in Long Blades
  2101 | D:3      | Found a glowing drain.
  2143 | Sewer    | Entered a sewer
  2257 | Sewer    | Noticed Purgy
  2276 | Sewer    | Killed Purgy
  2276 | Sewer    | Reached ** piety under Makhleb
  2277 | Sewer    | Reached XP level 5. HP: 10/38 MP: 5/5
  2656 | D:3      | Found a glowing silver altar of Zin.
  2753 | D:3      | Found a large runed translucent door.
  2753 | D:3      | Found a large runed translucent door.
  2992 | D:3      | You fall into a shaft and drop 1 floor!
  3068 | D:4      | Found a transporter.
  3071 | D:4      | Noticed swinepaste's ghost (novice OgFi)
  3099 | D:4      | Found a transporter.
  3203 | D:4      | Found a radiant altar of Vehumet.
  3247 | D:4      | Found Wepp's Distillery.
  3276 | D:4      | Reached XP level 6. HP: 45/45 MP: 6/6
  3300 | D:3      | Noticed EnronHubbard's ghost (amateur DENe)
  3772 | D:4      | Reached skill level 5 in Fighting
  3945 | D:4      | Noticed a necrophage
  4594 | D:4      | Reached XP level 7. HP: 47/50 MP: 7/7
  5379 | D:5      | Entered Level 5 of the Dungeon
  5764 | D:6      | Splashed by a jelly's acid

Illustrated notes

Levels and vault maps discovered:
D:1:      ncdulo_watergridlock, layout_basic,
          hellmonk_ecumenical_altar_prayer_group
D:2:      layout_loops_ring, serial_shops, nicolae_lakefront_shop
D:3:      layout_basic, amcnicky_altar_gilded, ebering_ghost_disaster_area,
          gup_sewer_entry_bubbles
D:4:      layout_basic, lemuel_tele_altar, serial_shops, shop,
          gammafunk_ghost_stat_death, hangedman_abyss_or_decor_stagger,
          minmay_fractal_squares_5
D:5:      layout_rooms, minmay_temple_entry_junction_2, ebering_ghost_sewer_f
D:6:      layout_loops_ring, mainiacjoe_overflow_alcove_2

Skill      XL: |  1  2  3  4  5  6  7 |
---------------+----------------------+-----
Dodging        | 1 2 3 4 |  4.0
Long Blades    | 2 3 4 |  4.9
Crossbows      | 3 |  3.0
Fighting       | 5 |  5.6
Short Blades   | |  1.0
Stealth        | |  4.0

Action                   |  1- 3 |  4- 6 |  7- 9 || total
-------------------------+-------+-------+-------++-------
Melee: Dagger            |    61 |    95 |    79 ||   235
       Constrict         |    12 |    19 |     8 ||    39
       Tentacles         |     6 |    16 |     7 ||    29
 Fire: Hand crossbow     |     2 |     7 |     9 ||    18
  Use: Potion            |       |     4 |     5 ||     9
       Scroll            |       |       |     2 ||     2
 Stab: Sleeping          |    22 |    12 |       ||    34
       Invisible         |       |       |     4 ||     4
Armor: Skin              |     5 |     4 |    45 ||    54
Dodge: Dodged            |    23 |    54 |    69 ||   146

Table legend: (Time is in decaauts)
 A = Elapsed time spent in this place.
 B = Non-inter-level travel time spent in this place.
 C = Inter-level travel time spent in this place.
 D = Time resting spent in this place.
 E = Time spent auto-exploring this place.
 F = Levels seen in this place.
 G = Mean time per level.
                   A        B        C        D        E       F      G
               +--------+--------+--------+--------+--------+-----+--------+
         Total |   5736 |   5453 |    283 |   1857 |   2547 |   7 |  819.4 |
       Dungeon |   5301 |   5018 |    283 |   1531 |   2488 |   6 |  883.5 |
         Sewer |    434 |    434 |      0 |    326 |     59 |   1 |  434.0 |
               +--------+--------+--------+--------+--------+-----+--------+

Top non-repeatable levels by time:
     D:4: 1630 daAuts
     D:3: 1593 daAuts
     D:1: 996 daAuts
     D:2: 883 daAuts
   Sewer: 434 daAuts
     D:5: 194 daAuts
     D:6: 3 daAuts
